 Dungeon Crawl Stone Soup version 0.20-a0-463-g5747544 (webtiles) character file.

292063 terra52 the Warrior (level 21, 0/200 HPs)
             Began as a Formicid Abyssal Knight on Jan 9, 2017.
             Was the Champion of Lugonu.
             Killed from afar by a frost giant (27 damage)
             ... with a bolt of cold
             ... on level 1 of the Depths on Jan 10, 2017.
             The game lasted 06:55:17 (56794 turns).

terra52 the Warrior (Formicid Abyssal Knight)      Turns: 56794, Time: 06:55:17

Health: 0/200      AC: 25    Str: 31    XL:     21   Next: 68%
Magic:  33/37      EV: 11    Int: 32    God:    Lugonu [******]
Gold:   1417       SH: 17    Dex: 12    Spells: 15/45 levels left

rFire  + + .     SeeInvis +     p - +7 rapier "Tipoiv" {pierce, rF+ rN++ Int+8}
rCold  . . .     Gourm    .     U - +6 scale mail {rPois}
rNeg   + + .     Faith    .     H - +3 shield "Uciusi" {Int+4}
rPois  +         Spirit   .     (helmet unavailable)
rElec  +         Reflect  .     L - +2 cloak "Cupsos" {+Inv rElec Regen+ Str+6}
rCorr  .         Harm     .     I - +0 pair of gloves "Inalock" {Str+2 Int+4}
MR     ++...                    K - +2 pair of boots
Stlth  ..........               J - amulet of regeneration
                                y - ring of wizardry
                                N - ring of wizardry

@: studying Polearms, repel missiles
A: permanent stasis, dig shafts and tunnels, four strong arms, antennae 3,
hooves 1, molten scales 1, thin skeletal structure 1, fire resistance 1, robust
1
}: 2/15 runes: decaying, serpentine
a: Dig, Shaft Self, Depart the Abyss, Bend Space, Banish, Corrupt, Enter the
Abyss, Brand Weapon With Distortion, Renounce Religion, Evoke Invisibility


You were on level 1 of the Depths.
You worshipped Lugonu.
Lugonu was exalted by your worship.
You were not hungry.

You visited 8 branches of the dungeon, and saw 36 of its levels.
You visited the Abyss 1 time.
You also visited: Labyrinth and Wizlab.

You collected 3750 gold pieces.
You spent 2333 gold pieces at shops.

Inventory:

Hand Weapons
 p - the +7 rapier "Tipoiv" (weapon) {pierce, rF+ rN++ Int+8}
   (You found it in a labyrinth)

   It inflicts extra damage upon your enemies.
   It affects your intelligence (+8).
   It protects you from fire.
   It greatly protects you from negative energy.
 E - the +7 sceptre of Torment
   (You found it on level 3 of the Elven Halls)
 X - the +6 whip of Valour {elec, -Tele rPois MR+}
   (You found it on level 6 of the Lair of Beasts)

   Occasionally, upon striking a foe, it will discharge some electrical energy
   and cause terrible harm.
   It protects you from poison.
   It affects your resistance to hostile enchantments.
   It prevents most forms of teleportation.
Missiles
 o - 24 tomahawks (quivered)
Armour
 q - the +6 large shield of Cowardice {rF- Str+5 Int+2}
   (You found it on level 3 of the Elven Halls)

   It affects your strength (+5).
   It affects your intelligence (+2).
   It makes you vulnerable to fire.
 H - the +3 shield "Uciusi" (worn) {Int+4}
   (You took it off a deep elf sorcerer on level 3 of the Elven Halls)

   It affects your intelligence (+4).
 I - the +0 pair of gloves "Inalock" (worn) {Str+2 Int+4}
   (You bought it in a shop on level 1 of the Orcish Mines)

   It affects your strength (+2).
   It affects your intelligence (+4).
 K - a +2 pair of boots (worn)
 L - the +2 cloak "Cupsos" (worn) {+Inv rElec Regen+ Str+6}
   (You bought it in a shop on level 2 of the Orcish Mines)

   It affects your strength (+6).
   It insulates you from electricity.
   It lets you turn invisible.
   It increases your rate of regeneration.
 U - a +6 scale mail of poison resistance (worn)
Magical Staves
 O - an uncursed staff of energy
Jewellery
 y - a ring of wizardry (right hand)
 J - an amulet of regeneration (around neck)
 N - a ring of wizardry (left hand)
 R - an uncursed ring of protection from magic
 T - the ring of Kocucsemn {+Fly rElec rN+++ Str-4 Int+2}
   (You took it off a deep elf high priest on level 3 of the Elven Halls)

   [ring of flight]

   It affects your strength (-4).
   It affects your intelligence (+2).
   It insulates you from electricity.
   It renders you almost immune to negative energy.
   It lets you fly.
 W - an uncursed ring of resist corrosion
Wands
 f - a wand of polymorph (5/24)
 l - a wand of acid (2/15)
 n - a wand of flame (28/48)
 s - a wand of enslavement (18/24)
 u - a wand of disintegration (13/24)
Scrolls
 a - 3 scrolls of identify
 e - 8 scrolls of recharging
 h - 10 scrolls of immolation
 i - 21 scrolls of remove curse
 m - 4 scrolls of fog
 v - a scroll of brand weapon
 G - a scroll of silence
 M - 6 scrolls of amnesia
 V - a scroll of holy word
Potions
 b - 4 potions of cancellation
 d - a potion of ambrosia
 g - 6 potions of agility
 k - a potion of cure mutation
 r - 6 potions of brilliance
 t - 2 potions of magic
 z - 5 potions of might
 A - a potion of resistance
 D - 4 potions of heal wounds
 F - a potion of flight
 Y - 11 potions of curing
Books
 w - a book of Beasts

   Spells                             Type                      Level
   a - Summon Butterflies             Summoning                    1
   b - Call Canine Familiar           Summoning                    3
   c - Summon Ice Beast               Ice/Summoning                4
   d - Summon Mana Viper              Hexes/Summoning              5
   e - Summon Hydra                   Summoning                    7
 Q - a manual of Polearms
Miscellaneous
 x - a lightning rod (4/4)
 B - a phial of floods
 S - a lamp of fire
 Z - a fan of gales
Comestibles
 c - 14 bread rations
 C - a royal jelly
 P - 4 meat rations


   Skills:
 + Level 19.9 Fighting
 + Level 11.6 Short Blades
   Level 2.0 Axes
 - Level 10.4 Armour
 - Level 2.4 Dodging
 + Level 12.3 Shields
 + Level 12.8 Spellcasting
 * Level 15.7 Conjurations
 * Level 10.3 Summonings
 - Level 0.5 Air Magic
 + Level 8.0 Invocations
 + Level 3.0 Evocations


You had 15 spell levels left.
You knew the following spells:

 Your Spells              Type           Power        Failure   Level  Hunger
a - Summon Lightning Spi  Summ/Air       ######..     1%          4    None
b - Searing Ray           Conj           ######       0%          2    None
c - Iskenderun's Battles  Conj/Chrm      ######..     1%          5    None
d - Repel Missiles        Chrm/Air       ###...       2%          2    None
e - Summon Guardian Gole  Hex/Summ       ######..     1%          3    None
f - Orb of Destruction    Conj           #######...   2%          7    #####..
g - Spellforged Servitor  Conj/Summ      #######...   4%          7    #####..


Dungeon Overview and Level Annotations

Branches:
Dungeon (15/15)            Temple (0/1) D:6            Lair (6/6) D:9
  Swamp (4/4) Lair:4        Snake (4/4) Lair:2        Slime (0/5) Lair:6
    Orc (2/2) D:12            Elf (3/3) Orc:2        Vaults (1/5) D:14
 Depths (1/5) D:15

Altars:
Ashenzari
Dithmenos
Fedhas
Gozag
Hepliaklqana
Kikubaaqudgha
Makhleb
Okawaru
Uskayaw
Vehumet
Xom

Shops:
D:5 :   D:9 (   Orc:1 *   Orc:2 *([(   Elf:3 :   Snake:2 (}   Depths:1 }=}

Portals:
Hell: Depths:1
Ziggurat: Depths:1

Annotations:
D:11 koshka's ghost, journeyman TrBe
Swamp:4 corrupted
Snake:4 corrupted
Elf:3 corrupted
Abyss:1 Erica; Harold; Snorg


Innate Abilities, Weirdness & Mutations

You cannot be hasted, slowed, berserked, paralysed or teleported.
You can dig through walls and to a lower floor.
Your four strong arms can wield two-handed weapons with a shield.
You have a pair of large antennae on your head. (SInv)
You have large cloven feet.
You are partially covered in molten scales. (AC +2)
You have a somewhat thin skeletal structure. (Dex +2, Stealth)
Your flesh is heat resistant. (rF+)
You are robust. (+10% HP)


Message History

The bolt of cold hits you! x2
Your spellforged servitor conjures an orb of pure magic.
The frost giant gestures at you while chanting.
The bolt of cold hits you! x2
Your spellforged servitor launches a ball of destructive magic.
The orb fizzles. x2
The frost giant gestures at you while chanting.
The bolt of cold hits you!
* * * LOW HITPOINT WARNING * * *
The bolt of cold hits you!
* * * LOW HITPOINT WARNING * * *
You swap places.
The frost giant gestures at you while chanting.
The bolt of cold misses you. The bolt of cold hits you!
Your spellforged servitor conjures an orb of pure magic.
Unknown command.
The wavering orb of destruction hits the frost giant.
The frost giant gestures at you while chanting.
The bolt of cold hits you! x2
You die...

#....)###### #.#........#
###.####****###.####..####
#...# *,,,,,..#....#..# #..##
*+***##.####.#..#
##..#**,,,*{≈.####....########
##..#*{{{,**#.#......[........
#...#*{{{,###8#.#############.
##..#,,{,{#C§.#.# #.
###.#,,{,####@#.# ##
##.[.#,,,{+?,#.#.#
#...##****#(}#'#.# ####..#
**##...# #....## ##...# ....##
##### ..### ###


You could see a frost giant and a friendly spellforged servitor.

Vanquished Creatures
  Mara (Swamp:2)
  2 deep elf blademasters (Elf:3)
  Frances (Elf:1)
  3 nagarajas
  3 deep elf sorcerers
  Aizul (Snake:2)
  Louise (D:15)
  4 very ugly things (Depths:1)
  Nessos (D:14)
  A deep elf demonologist (Elf:3)
  Azrael (Snake:3)
  A deep elf annihilator (Elf:3)
  The ghost of crawdingle the Crack Shot, a journeyman CeHu of Okawaru (Lair:3)
  A deep elf death mage (Elf:3)
  Josephine (D:15)
  4 fire dragons
  2 deep elf high priests
  A yaktaur captain (D:15)
  12 hydras
  3 ogre magi
  3 catoblepae (Lair:6)
  An ice dragon (Depths:1)
  11 naga warriors
  A ghost crab (Swamp:3)
  A centaur warrior (D:15)
  4 anacondas
  2 death knights (D:14)
  12 two-headed ogres
  6 alligators
  9 dancing weapons
  A deep troll earth mage (Depths:1)
  17 death yaks
  7 shock serpents
  8 deep elf knights
  Urug (D:14)
  4 naga sharpshooters
  A salamander mystic (Snake:3)
  3 unseen horrors
  4 swamp dragons
  A deep troll (Orc:2)
  3 naga ritualists
  3 shambling mangroves
  11 deep elf archers
  3 lindwurms
  A wizard (Elf:1)
  2 phantasmal warriors
  35 deep elf magi
  5 oklob plants
  A wolf spider zombie (D:12)
  An orc sorcerer (D:12)
  3 manticores
  12 ugly things
  6 mana vipers
  A fire giant zombie (Depths:1)
  5 cyclopes
  Maurice (D:11)
  2 salamanders (Snake:2)
  10 elephants
  Psyche (D:12)
  27 black mambas
  4 guardian serpents
  6 naga magi
  11 spiny frogs
  A gargoyle (D:13)
  An efreet (D:15)
  16 rime drakes
  9 komodo dragons
  2 yaktaurs
  The ghost of lancediamond the Chopper, an amateur TrBe of Trog (D:6)
  16 slime creatures
  15 trolls
  2 polar bears
  3 meliai
  8 tyrant leeches
  6 hornets
  12 blink frogs
  Grinder (D:4)
  A meliai zombie (D:14)
  A deep troll zombie (Depths:1)
  A dream sheep (Lair:6)
  7 bog bodies
  8 hippogriffs
  3 air elementals
  4 shadows
  4 spriggans
  6 wraiths (D:15)
  69 yaks
  3 hogs (D:9)
  7 water elementals
  4 wyverns
  A vampire (D:11)
  19 vampire mosquitoes
  4 basilisks
  A fire elemental (Elf:1)
  4 hungry ghosts
  17 humans
  17 swamp worms
  11 steam dragons
  17 insubstantial wisps
  25 nagas
  3 acid dragons
  A soldier ant (D:14)
  17 water moccasins
  2 wargs
  A floating eye (shapeshifter) (D:11)
  14 porcupines
  5 sky beasts
  Duvessa (D:5)
  2 hell hounds (Snake:3)
  8 swamp drakes
  A hornet zombie (D:7)
  17 orc warriors
  4 black bears
  2 eyes of draining
  8 ice beasts
  3 necrophages
  29 ogres
  4 phantoms
  7 wolves
  The ghost of HeyBub the Insei, an amateur DsMo (D:3)
  A boggart (Elf:1)
  2 centaurs
  13 crocodiles
  A big kobold (D:7)
  18 bullfrogs
  A gnoll sergeant (D:8)
  2 wyvern zombies (D:13)
  3 earth elementals
  A wyvern skeleton (D:14)
  Dowan (D:5)
  5 scorpions
  10 killer bees
  7 wights
  3 electric eels (D:12)
  6 howler monkeys
  3 centaur zombies
  6 crimson imps
  5 bullfrog zombies
  6 hounds
  3 jellies
  3 bullfrog skeletons
  3 centaur skeletons
  21 orc wizards
  A quasit (D:12)
  18 orc priests
  Crazy Yiuf (D:2)
  An iron imp (Orc:1)
  Terence (D:3)
  Jessica (D:2)
  6 iguanas
  Natasha (twice) (D:2)
  A hell rat (shapeshifter) (Orc:1)
  15 worker ants
  2 worker ant zombies
  11 gnolls
  12 adders
  2 shadow imps
  A white imp (Orc:1)
  An ooze (shapeshifter) (Orc:1)
  An ooze (D:5)
  An adder zombie (D:6)
  2 worms
  4 adder skeletons
  7 leopard geckos
  97 orcs
  A ball python (D:2)
  A giant cockroach (D:2)
  5 goblins
  11 hobgoblins
  5 jackals
  7 kobolds
  6 quokkas
  5 bats
  5 frilled lizards
  A jackal skeleton (D:4)
  4 rats
  A plant (Lair:2)
1117 creatures vanquished.

Vanquished Creatures (collateral kills)
  A lich (Depths:1)
  2 deep elf blademasters (Elf:3)
  2 deep elf master archers (Elf:3)
  Roxanne (Elf:3)
  3 nagarajas (Snake:4)
  4 deep elf sorcerers (Elf:3)
  3 deep elf elementalists (Elf:3)
  2 very ugly things (Depths:1)
  A deep elf demonologist (Elf:3)
  A stone giant (Depths:1)
  4 deep elf annihilators (Elf:3)
  4 ettins (Depths:1)
  A merfolk impaler (Depths:1)
  2 deep elf death magi (Elf:3)
  A deep elf high priest (Elf:3)
  2 ice dragons (Depths:1)
  A hydra (Swamp:4)
  5 anacondas
  4 naga warriors
  A ghost crab (Swamp:4)
  8 dancing weapons
  2 deep troll earth magi (Depths:1)
  4 shock serpents
  4 naga sharpshooters (Snake:4)
  A sun demon (WizLab)
  7 deep elf knights
  2 salamander mystics (Snake:4)
  A sea snake (shapeshifter) (Elf:2)
  2 deep trolls (Depths:1)
  A wizard (Elf:1)
  3 naga ritualists (Snake:4)
  24 deep elf magi
  7 deep elf archers
  2 mana vipers (Snake:3)
  6 ugly things (Depths:1)
  A salamander (Snake:4)
  2 naga magi
  4 black mambas
  2 yaktaurs (Depths:1)
  A queen bee (shapeshifter) (Elf:2)
  A hornet (Swamp:4)
  A polar bear (shapeshifter) (Depths:1)
  3 slime creatures (Depths:1)
  A frost giant simulacrum (Depths:1)
  3 blink frogs (Lair:2)
  An ice dragon zombie (Depths:1)
  3 water elementals
  2 air elementals
  6 fire elementals
  A hog (D:9)
  A spatial vortex (Elf:3)
  A hell hound (Snake:3)
  17 nagas
  A human skeleton (Depths:1)
  4 earth elementals
  3 plants
178 creatures vanquished.

Vanquished Creatures (others)
  3 deep elf master archers (Elf:3)
  A deep elf blademaster (Elf:3)
  3 nagarajas (Snake:4)
  An orc warlord (Orc:1)
  A very ugly thing (D:14)
  A minotaur (Lab)
  A deep elf high priest (Elf:3)
  A fire dragon (Lair:3)
  7 hydras
  The ghost of HallandMoats the Fighter, a journeyman DsFi of Makhleb (D:10)
  2 naga warriors (Snake:4)
  A death knight (D:13)
  A centaur warrior (D:11)
  An alligator (Swamp:2)
  An anaconda (Snake:1)
  4 two-headed ogres
  A naga sharpshooter (Snake:4)
  11 slime creatures
  2 fire crabs (Swamp:4)
  2 soul eaters (WizLab)
  2 deep elf knights
  3 salamander mystics (Snake:4)
  The ghost of HallandMoats the Fiendish, a novice DsFi of Makhleb (D:8)
  A deep troll (Orc:1)
  A shadow demon (WizLab)
  A naga ritualist (Snake:4)
  2 shambling mangroves (Swamp:4)
  2 orc knights
  3 swamp dragons (Swamp:4)
  2 mana vipers (Snake:4)
  2 deep elf magi (Elf:3)
  A necromancer (Depths:1)
  2 cyclopes
  2 black mambas (Snake:4)
  4 guardian serpents (Snake:4)
  A smoke demon (WizLab)
  A gargoyle (D:13)
  2 spiny frogs
  A rime drake (Lair:1)
  2 naga magi (Snake:4)
  A tengu conjurer (D:13)
  3 hornets
  5 blink frogs (Swamp:4)
  An air elemental (Elf:3)
  A spriggan (Swamp:3)
  5 steam dragons (Swamp:4)
  17 nagas (Snake:4)
  A swamp worm (Swamp:2)
  6 swamp drakes (Swamp:4)
  A necrophage (D:9)
  A lava snake (Swamp:4)
  An ooze (Swamp:4)
  An orc (D:15)
  A fire vortex (Swamp:4)
  10 fungi
  28 plants
  13 starspawn tentacles
178 creatures vanquished.

Grand Total: 1473 creatures vanquished

Notes
Turn   | Place    | Note
-------+----------+-------------------------------------------
     0 | Abyss:1  | terra52 the Formicid Abyssal Knight began the quest for the Orb.
     0 | Abyss:1  | Reached XP level 1. HP: 18/18 MP: 2/2
    54 | Abyss:1  | Noticed a thrashing horror
    56 | D:1      | Escaped the Abyss
   131 | D:1      | Reached * piety under Lugonu
   184 | D:1      | Reached XP level 2. HP: 18/25 MP: 3/3
   276 | D:1      | Reached skill level 4 in Fighting
   798 | D:2      | Reached XP level 3. HP: 19/31 MP: 4/4
   918 | D:2      | Noticed Jessica
   926 | D:2      | Killed Jessica
   926 | D:2      | Reached skill level 5 in Fighting
  1149 | D:2      | Found an iron altar of Okawaru.
  1246 | D:2      | Reached XP level 4. HP: 29/39 MP: 5/5
  1458 | D:2      | Found a runed door.
  1468 | D:2      | Noticed Crazy Yiuf
  1476 | D:2      | Killed Crazy Yiuf
  1476 | D:2      | Reached XP level 5. HP: 46/46 MP: 6/6
  1597 | D:2      | Reached skill level 6 in Fighting
  1681 | D:2      | Noticed Natasha
  1690 | D:2      | Killed Natasha
  1869 | D:2      | Gained mutation: Your flesh is heat resistant. (rF+) [potion of mutation]
  1869 | D:2      | Gained mutation: You have large cloven feet. [potion of mutation]
  1869 | D:2      | Gained mutation: You are robust. (+10% HP) [potion of mutation]
  2568 | D:2      | Noticed Natasha
  2568 | D:2      | Reached XP level 6. HP: 58/58 MP: 7/7
  2575 | D:2      | Killed Natasha
  2575 | D:2      | Reached skill level 7 in Fighting
  2921 | D:3      | Noticed Terence
  2984 | D:3      | Noticed HeyBub's ghost (amateur DsMo)
  3010 | D:3      | Killed HeyBub's ghost
  3014 | D:3      | Killed Terence
  3105 | D:3      | Found a radiant altar of Vehumet.
  3259 | D:3      | Found a hide-covered altar of Uskayaw.
  3263 | D:3      | Noticed a hand axe
  3263 | D:3      | Noticed a hand axe
  3310 | D:3      | Reached ** piety under Lugonu
  3561 | D:3      | You fall through a shaft for 2 floors!
  3561 | D:5      | Entered Level 5 of the Dungeon
  3604 | D:5      | Reached skill level 8 in Fighting
  3604 | D:5      | Reached XP level 7. HP: 68/68 MP: 8/8
  3811 | D:5      | Reached skill level 9 in Fighting
  4008 | D:5      | Found Igalel Fyts's Book Shoppe.
  4051 | D:3      | Found a faded altar of an unknown god.
  4178 | D:4      | Found a burning altar of Makhleb.
  4278 | D:4      | Reached XP level 8. HP: 73/78 MP: 9/9
  4481 | D:4      | Noticed Grinder
  4506 | D:4      | Killed Grinder
  4506 | D:4      | Reached skill level 10 in Fighting
  4692 | D:5      | Noticed Dowan
  4693 | D:5      | Noticed Duvessa
  4716 | D:5      | Killed Dowan
  4760 | D:5      | Killed Duvessa
  4945 | D:5      | Reached skill level 11 in Fighting
  4964 | D:5      | Found a hazy altar of Hepliaklqana.
  5356 | D:6      | Reached XP level 9. HP: 90/90 MP: 10/10
  5401 | D:6      | Noticed lancediamond's ghost (amateur TrBe)
  5418 | D:6      | Killed lancediamond's ghost
  5418 | D:6      | Reached skill level 12 in Fighting
  5467 | D:6      | Found a shimmering altar of Xom.
  5477 | D:6      | Found a staircase to the Ecumenical Temple.
  5488 | D:6      | Got an iridescent quarterstaff
  5489 | D:6      | Identified the cursed +1 quarterstaff of Power {crush, Str+4 Dex+3} (You found it on level 6 of the Dungeon)
  5542 | D:6      | Got a wavering silver ring
  5566 | D:6      | Identified the ring of the Madman {Fire Int+3} (You found it on level 6 of the Dungeon)
  5791 | D:6      | Noticed a two-headed ogre
  6046 | D:6      | Found an opulent altar of Gozag.
  6394 | D:7      | Reached *** piety under Lugonu
  6399 | D:7      | Found a blossoming altar of Fedhas.
  6609 | D:7      | Found an ancient bone altar of Kikubaaqudgha.
  6619 | D:7      | Reached skill level 13 in Fighting
  6894 | D:7      | Noticed a hippogriff
  6904 | D:7      | Killed a hippogriff
  6931 | D:7      | Reached skill level 1 in Evocations
  6999 | D:7      | Reached XP level 10. HP: 94/102 MP: 12/12
  7307 | D:8      | Reached skill level 14 in Fighting
  7457 | D:8      | Noticed HallandMoats's ghost (novice DsFi)
  7569 | D:8      | Noticed Erica
  7671 | D:8      | Found a shattered altar of Ashenzari.
  7678 | D:8      | Noticed a two-headed ogre
  7678 | D:8      | Banished a two-headed ogre
  7711 | D:8      | Banished Erica
  7782 | D:8      | Banished HallandMoats's ghost
  7847 | D:7      | Reached skill level 15 in Fighting
  7882 | D:7      | Reached skill level 5 in Invocations
  8297 | D:9      | Found Vocuad's Antique Weapon Shoppe.
  8321 | D:9      | Bought an iridescent hand axe for 200 gold pieces
  8321 | D:9      | Identified the +5 hand axe "Rohadean" {holy, *Corrode rC+ SInv} (You bought it in a shop on level 9 of the Dungeon)
  8492 | D:9      | Noticed a two-headed ogre
  8493 | D:9      | Banished a two-headed ogre
  8493 | D:9      | Reached XP level 11. HP: 112/112 MP: 15/15
  8687 | D:9      | Found a shimmering altar of Xom.
  8745 | D:9      | Reached skill level 16 in Fighting
  8849 | D:9      | Found a staircase to the Lair.
  8967 | Lair:1   | Entered Level 1 of the Lair of Beasts
  9544 | D:10     | Entered Level 10 of the Dungeon
  9619 | D:10     | Noticed HallandMoats's ghost (journeyman DsFi)
  9638 | D:10     | Banished HallandMoats's ghost
  9859 | D:10     | Found a shattered altar of Ashenzari.
 10105 | D:10     | Reached skill level 17 in Fighting
 11236 | D:11     | Noticed koshka's ghost (journeyman TrBe)
 11566 | D:11     | Gained mutation: You are partially covered in molten scales. (AC +2) [mutagenic meat]
 11662 | D:11     | Found a shadowy altar of Dithmenos.
 11782 | D:11     | Noticed a centaur warrior
 11784 | D:11     | Banished a centaur warrior
 11812 | D:12     | Noticed a two-headed ogre
 11812 | D:12     | Noticed a brown ugly thing
 11819 | D:12     | Noticed a brown ugly thing
 11833 | D:11     | Reached XP level 12. HP: 116/126 MP: 16/16
 11933 | D:12     | Noticed Maurice
 11957 | D:11     | Killed Maurice
 12008 | D:11     | Noticed a two-headed ogre
 12008 | D:11     | a dream sheep changed into a two-headed ogre
 12010 | D:11     | a two-headed ogre changed into a floating eye
 12151 | D:12     | Reached skill level 18 in Fighting
 12168 | D:12     | Noticed a two-headed ogre
 12173 | D:12     | Banished a two-headed ogre
 12186 | D:11     | Banished a two-headed ogre
 12512 | D:12     | Found a staircase to the Orcish Mines.
 12540 | D:12     | Found a shimmering altar of Xom.
 13197 | D:11     | Reached skill level 19 in Fighting
 13527 | D:12     | Noticed Psyche
 13529 | D:12     | Killed Psyche
 13849 | Orc:1    | Entered Level 1 of the Orcish Mines
 13992 | D:5      | Bought a book of Conjurations for 420 gold pieces
 13999 | D:5      | Learned a level 1 spell: Magic Dart
 14236 | Orc:1    | Reached skill level 1 in Conjurations
 14267 | Orc:1    | Noticed an orc warlord
 14298 | D:13     | Noticed a five-headed hydra
 14382 | D:12     | Reached **** piety under Lugonu
 14568 | Orc:1    | Banished an orc warlord
 14571 | Orc:1    | Noticed a soul eater
 14671 | Orc:1    | Noticed Harold
 14678 | Orc:1    | Banished Harold
 14678 | Orc:1    | Reached XP level 13. HP: 130/136 MP: 8/17
 14693 | Orc:1    | Found Vosaav's Assorted Antiques.
 15147 | Orc:1    | Reached skill level 5 in Conjurations
 15173 | Orc:1    | Reached skill level 1 in Spellcasting
 15230 | Orc:1    | Bought a pair of shimmering gloves for 256 gold pieces
 15240 | Orc:1    | Identified the +0 pair of gloves "Inalock" {Str+2 Int+4} (You bought it in a shop on level 1 of the Orcish Mines)
 15279 | Orc:1    | Learned a level 2 spell: Searing Ray
 15282 | Orc:2    | Entered Level 2 of the Orcish Mines
 15925 | Orc:2    | Found a staircase to the Elven Halls.
 16391 | Orc:1    | Reached skill level 5 in Armour
 16650 | Orc:2    | Noticed an ogre mage
 18167 | Lair:2   | Identified a scroll of acquirement
 18168 | Lair:2   | Got an ichor-stained lajatang
 18176 | Lair:2   | Identified the +6 lajatang "Xucamas" {flame, Stlth+} (You acquired it on level 2 of the Lair of Beasts)
 18204 | Lair:2   | Reached ***** piety under Lugonu
 18381 | Lair:2   | Found a labyrinth entrance.
 18390 | Lab      | Entered a labyrinth
 19005 | Lab      | Noticed a minotaur
 19006 | Lab      | Banished a minotaur
 19012 | Lab      | Got a pitted ruby amulet
 19016 | Lab      | Identified the amulet "Wuafan" {Inacc Dex+4} (You found it in a labyrinth)
 19042 | Lab      | Got an ebony rapier
 19043 | Lab      | Identified the +7 rapier "Tipoiv" {pierce, rF+ rN++ Int+8} (You found it in a labyrinth)
 19061 | Lab      | Learned a level 5 spell: Iskenderun's Battlesphere
 19064 | Lab      | Learned a level 2 spell: Repel Missiles
 19267 | Lair:2   | Found a staircase to the Snake Pit.
 19645 | Lair:2   | Noticed a six-headed hydra
 19647 | Lair:2   | Banished a six-headed hydra
 20006 | Lair:2   | Reached XP level 14. HP: 133/146 MP: 21/21
 20140 | Lair:2   | Reached skill level 5 in Spellcasting
 21131 | Lair:3   | Noticed crawdingle's ghost (journeyman CeHu)
 21150 | Lair:3   | Killed crawdingle's ghost
 21280 | Lair:3   | Reached skill level 1 in Short Blades
 21985 | Lair:3   | Reached skill level 10 in Armour
 24787 | Orc:2    | Found Vevveic's Weapon Boutique.
 24788 | Orc:2    | Found Afabez's Antique Weapon Shop.
 24793 | Orc:2    | Found Huuceoch's General Store.
 24808 | Orc:2    | Found Niunlehe's Armour Shop.
 25929 | D:13     | Reached XP level 15. HP: 122/152 MP: 18/25
 27460 | D:14     | Noticed Nessos
 27509 | D:14     | Noticed Urug
 27509 | D:14     | Noticed a white very ugly thing
 27519 | D:14     | Banished a white very ugly thing
 27522 | D:14     | Reached skill level 10 in Conjurations
 27760 | D:14     | Found a gate to the Vaults.
 28083 | Lair:4   | Got a translucent ring mail
 28117 | Lair:3   | Identified the +2 ring mail of the Spheres {Regen+} (You found it on level 4 of the Lair of Beasts)
 28197 | Lair:4   | Reached skill level 5 in Short Blades
 28576 | Orc:2    | Bought the +2 cloak "Cupsos" {+Inv rElec Regen+ Str+6} for 817 gold pieces
 29034 | Lair:4   | Got a crude plate armour
 29080 | Lair:3   | Identified the +3 plate armour "Hamm" {+Blink rF+ Dex-5} (You found it on level 4 of the Lair of Beasts)
 29117 | Lair:4   | Reached skill level 1 in Dodging
 29458 | Lair:4   | Found a staircase to the Swamp.
 31503 | Lair:6   | Entered Level 6 of the Lair of Beasts
 31533 | Lair:6   | Reached XP level 16. HP: 147/160 MP: 28/28
 31646 | Lair:6   | Got a blackened whip
 32003 | Snake:1  | Entered Level 1 of the Snake Pit
 32007 | Snake:1  | Identified the +6 whip of Valour {elec, -Tele rPois MR+} (You found it on level 6 of the Lair of Beasts)
 32929 | Snake:2  | Found Mekozif's Weapon Emporium.
 33110 | Snake:2  | Noticed Aizul
 33310 | Swamp:1  | Entered Level 1 of the Swamp
 33517 | Swamp:1  | Learned a level 4 spell: Iskenderun's Mystic Blast
 35363 | Swamp:3  | Noticed Mara
 35378 | Swamp:3  | Noticed terra52's illusion
 35398 | Swamp:3  | Noticed terra52's illusion
 35406 | Swamp:2  | Killed Mara
 35406 | Swamp:2  | Reached skill level 10 in Spellcasting
 36209 | Swamp:3  | Reached XP level 17. HP: 114/168 MP: 31/31
 36592 | Lair:2   | Learned a level 7 spell: Orb of Destruction
 36767 | Lair:6   | Reached skill level 1 in Shields
 37532 | Lair:6   | Noticed Snorg
 37535 | Lair:6   | Banished Snorg
 38938 | Lair:6   | Found a staircase to the Slime Pits.
 39436 | Snake:2  | Killed Aizul
 40066 | D:14     | Killed Nessos
 40377 | D:14     | Learned a level 7 spell: Spellforged Servitor
 40553 | D:14     | Reached skill level 1 in Summonings
 40928 | D:13     | Gained mutation: You have a somewhat thin skeletal structure. (Dex +2, Stealth) [potion of beneficial mutation]
 41081 | D:14     | Killed Urug
 41109 | D:14     | Learned a level 3 spell: Dazzling Spray
 41334 | D:15     | Entered Level 15 of the Dungeon
 41436 | D:15     | Noticed Louise
 41490 | D:15     | Killed Louise
 41779 | D:15     | Reached ****** piety under Lugonu
 42042 | D:15     | Noticed Josephine
 42053 | D:15     | Killed Josephine
 42068 | D:15     | Reached XP level 18. HP: 168/176 MP: 7/33
 42136 | D:15     | Reached skill level 5 in Shields
 42478 | D:15     | Found a staircase to the Depths.
 43091 | Swamp:3  | Got a smoking long sword
 43092 | Swamp:3  | Identified the cursed +1 long sword "Oqiez" {venom, rC+ Str+4} (You found it on level 3 of the Swamp)
 43716 | Swamp:4  | Entered Level 4 of the Swamp
 44206 | Swamp:4  | Corrupted Swamp:4
 44208 | Swamp:4  | Noticed a bone dragon
 44220 | Swamp:4  | Noticed a Hell Sentinel
 44305 | Swamp:4  | Got a decaying rune of Zot
 44345 | Swamp:4  | Reached XP level 19. HP: 183/183 MP: 34/34
 44926 | Snake:2  | Reached skill level 10 in Short Blades
 45640 | Orc:2    | Bought a lightning rod (4/4) for 640 gold pieces
 45681 | Elf:1    | Entered Level 1 of the Elven Halls
 45736 | Elf:1    | Found a radiant altar of Vehumet.
 46374 | Elf:1    | Noticed Frances
 46391 | Elf:1    | Killed Frances
 47432 | Elf:2    | Found a huge runed gate.
 47433 | Elf:2    | Found a huge runed gate.
 47434 | Elf:2    | Found a huge runed gate.
 47608 | Elf:2    | Reached XP level 20. HP: 192/193 MP: 35/35
 48060 | Elf:2    | Found a huge runed gate.
 48061 | Elf:2    | Found a huge runed gate.
 48731 | Elf:3    | Entered Level 3 of the Elven Halls
 48868 | Elf:2    | HP: 7/193 [disintegration[the player character] (37)]
 48870 | Elf:2    | Upgraded the game from 0.20-a0-454-g2b43fbb to 0.20-a0-463-g5747544
 49136 | Elf:3    | Reached skill level 15 in Conjurations
 49260 | Elf:3    | Noticed Roxanne
 49280 | Elf:3    | Killed Roxanne
 49287 | Elf:3    | Identified Roxanne's Almanac of Stones (You took it off Roxanne on level 3 of the Elven Halls)
 49308 | Elf:3    | Got a warped large shield
 49319 | Elf:3    | Identified the +6 large shield of Cowardice {rF- Str+5 Int+2} (You found it on level 3 of the Elven Halls)
 49527 | Elf:3    | Found Xionykk's Book Emporium.
 49620 | Elf:3    | Corrupted Elf:3
 50350 | Snake:2  | Found Tuyputoi's Gadget Shop.
 50956 | Snake:3  | Noticed Azrael
 50965 | Snake:3  | Killed Azrael
 51544 | Snake:4  | Entered Level 4 of the Snake Pit
 51847 | Snake:4  | Reached skill level 10 in Shields
 51980 | Snake:4  | Corrupted Snake:4
 52034 | Snake:4  | Noticed a Brimstone Fiend
 52489 | Snake:4  | Reached XP level 21. HP: 142/200 MP: 37/37
 53012 | Snake:4  | Got a serpentine rune of Zot
 54192 | Elf:3    | Learned a level 4 spell: Summon Lightning Spire
 54196 | Elf:3    | Learned a level 3 spell: Summon Guardian Golem
 54276 | Elf:3    | Got a slimy bronze ring
 54278 | Elf:3    | Identified the ring of Kocucsemn {+Fly rElec rN+++ Str-4 Int+2} (You took it off a deep elf high priest on level 3 of the Elven Halls)
 54295 | Elf:3    | Got a dull robe
 54306 | Elf:3    | Identified the +3 robe "Peguas" {MR++} (You took it off a deep elf high priest on level 3 of the Elven Halls)
 54561 | Elf:3    | Got an ancient robe
 54561 | Elf:3    | Got a heavily runed shield
 54572 | Elf:3    | Identified the +3 shield "Uciusi" {Int+4} (You took it off a deep elf sorcerer on level 3 of the Elven Halls)
 54596 | Elf:3    | Identified the cursed +1 robe of the Game of Kings {rF+} (You took it off a deep elf sorcerer on level 3 of the Elven Halls)
 54778 | Elf:3    | Identified the Compendium of Conjuration
 54889 | Elf:3    | Got a twisted hand axe {chop}
 54890 | Elf:3    | Identified the +6 hand axe "Niahozxo" {chop, rN+ MP+9 Stlth+} (You took it off a deep elf annihilator on level 3 of the Elven Halls)
 55193 | Vaults:1 | Entered Level 1 of the Vaults
 55257 | Depths:1 | Entered Level 1 of the Depths
 55260 | Depths:1 | Got a translucent quarterstaff
 55261 | Depths:1 | Identified the +10 quarterstaff "Duneiho" {elec, -Tele rPois rF+ Str+2} (You found it on level 1 of the Depths)
 55283 | Depths:1 | Found a gateway to a ziggurat.
 55526 | Depths:1 | Reached skill level 10 in Summonings
 55591 | Depths:1 | Found a magical portal.
 55599 | WizLab   | Entered Doroklohe's Tomb
 55785 | WizLab   | Corrupted WizLab
 55788 | WizLab   | Noticed a Tzitzimitl
 56130 | Depths:1 | Found Bisaiv's Gadget Shop.
 56130 | Depths:1 | Found Qerieb's Jewellery Shoppe.
 56131 | Depths:1 | Found Qestrebb's Gadget Shop.
 56297 | Depths:1 | Found a gateway to Hell.
 56776 | Depths:1 | Found a runed door.
 56794 | Depths:1 | Killed from afar by a frost giant

Vault maps used:
D:1:      nicolae_arrival_washed_ashore
D:2:      lemuel_doored_altar, uniq_natasha, uniq_crazy_yiuf_cottage,
          uniq_jessica
D:3:      dancing_weapons_uskayaw, fiery_altar_vehumet,
          chequers_ecumenical_altar_simple_redux, uniq_terence
D:4:      nicolae_overflow_hidden_temple, uniq_grinder
D:5:      first_bread, basic_altar, serial_shops, shop, uniq_duvessa
D:6:      nicolae_overflow_crystal_walls, lemuel_round_altar, feat_on_display
D:7:      lemuel_round_altar, kennysheep_mini
D:8:      ashenzari_altar_1, uniq_erica
D:9:      erik_lair_dragon, serial_shops, nicolae_shop_trees, serial_curves,
          eino_curves_01, eino_curves_01, eino_curves_01, eino_curves_01,
          grunt_livestock, tgw_xom
D:10:     basic_altar, basic_loot_grate_trap
D:11:     serial_corexii_hall, corexii_hall_statues_l, corexii_hall_statues_t,
          corexii_hall_statues_l, corexii_hall_statues_i,
          nicolae_dithmenos_through_a_glass_darkly
D:12:     david_orc_3, basic_altar, st_stairs_3, uniq_maurice, uniq_psyche
D:13:     onia_ninara_dug_in_and_dangerous
D:14:     david_vaults_3
D:15:     grunt_enter_depths_snipers, minmay_misc_feat_roman, uniq_louise,
          uniq_josephine
Lair:2:   guppyfry_snake_entry_island, lab_entry_generic, serial_forest,
          infiniplex_forest_clump_tiny, infiniplex_forest_clump_tiny,
          infiniplex_forest_clump_diagonal, infiniplex_forest_zigzag_1,
          grunt_megastairs_2, infiniplex_staircase_pool_2
Lair:3:   st_stairs_7, grunt_megastairs_4
Lair:4:   swamp_mist_pool, bobbens_dragon_lair_wall, serial_bayou_shore_b,
          minmay_lair_oklob_chamber, serial_bayou_shore_a,
          infiniplex_staircase_pool
Lair:5:   uniq_urug, uniq_nessos
Lair:6:   evilmike_catoblepas_cave, minmay_slime_entry_oklob_enclosed,
          minmay_lair_drake_nest, uniq_snorg
Swamp:1:  hangedman_swamp_pad, swamp_pool5
Swamp:2:  nicolae_swamp_stair_fork, swamp_pool1
Swamp:3:  hangedman_swamp_blocks, uniq_mara
Swamp:4:  swamp_fiery
Snake:1:  nicolae_snake_serpentine_hallways
Snake:2:  serial_shops, shop, shop, uniq_aizul
Snake:3:  uniq_azrael
Snake:4:  johnstein_snake_rune_scales, st_stairs_10
Orc:1:    serial_shops, nicolae_shop_trees, hangedman_minor_magic, uniq_harold
Orc:2:    st_orc_open
Elf:1:    eino_elf_arrival_altar, hangedman_elf_disciples, uniq_frances
Elf:2:    minivault_20
Elf:3:    minmay_elf_hall, serial_shops, shop, basic_stair_grate_trap,
          uniq_roxanne
Vaults:1: ontoclasm_vaults_ring_large, v_misc_32,
          nicolae_vaults_network_quinsquares, grunt_vaults_funnel,
          nicolae_vaults_statue_guard, nicolae_vaults_little_squares_3,
          ontoclasm_vaults_loading_screen, nicolae_vaults_three_branches,
          v_misc_9
Depths:1: enter_ziggurat_f, infiniplex_enter_wizlab_water, bh_walls_and_bars,
          grunt_hell_entry_dis_old, serial_bayou_lagoon_a, nrook_mini_backslash,
          lightli_giant_bouncers, minmay_shop_grove, serial_bayou_shore_b
Abyss:1:  evilmike_abyss_exit_2
Lab:      labyrinth_watery
WizLab:   wizlab_doroklohe

Skill      XL: |  1  2  3  4  5  6  7  8  9 10 11 12 13 14 15 16 17 18 19 20 21 |
---------------+----------------------------------------------------------------+-----
Fighting       | 4 5 6 8 9 11 13 15 17 19 | 19.9
Evocations     | 1 2 3 |  3.0
Invocations    | 6 7 8 |  8.0
Conjurations   | 4 6 9 10 12 14 15 | 15.7
Spellcasting   | 4 7 8 10 11 12 | 12.8
Armour         | 8 10 | 10.4
Short Blades   | 3 8 9 10 11 | 11.6
Dodging        | 1 2 |  2.4
Shields        | 4 5 7 10 12 | 12.3
Summonings     | 2 6 8 9 10 | 10.3
Axes           | |  2.0
Air Magic      | |  0.5

Action                   |  1- 3 |  4- 6 |  7- 9 | 10-12 | 13-15 | 16-18 | 19-21 || total
-------------------------+-------+-------+-------+-------+-------+-------+-------++-------
Melee: Hand axe          |    73 |    22 |       |       |       |       |       ||    95
       Quarterstaff      |       |    97 |   341 |   852 |   365 |       |       ||  1655
       Kick              |       |     7 |       |       |       |       |       ||     7
       Whip              |       |       |       |    14 |       |       |       ||    14
       Rapier            |       |       |       |       |  1112 |  1244 |   938 ||  3294
       Lajatang          |       |       |       |       |    11 |       |       ||    11
       Staff             |       |       |       |       |       |       |     1 ||     1
 Fire: Blowgun           |       |     4 |       |       |       |       |       ||     4
Throw: Tomahawk          |       |     9 |    16 |     6 |    61 |    23 |     5 ||   120
 Cast: Magic Dart        |       |       |       |       |   145 |    63 |       ||   208
       Repel Missiles    |       |       |       |       |     6 |       |     2 ||     8
       Iskenderun's Batt |       |       |       |       |    34 |    15 |     1 ||    50
       Orb of Destructio |       |       |       |       |       |   129 |    39 ||   168
       Iskenderun's Myst |       |       |       |       |       |     1 |       ||     1
       Dazzling Spray    |       |       |       |       |       |     2 |       ||     2
       Spellforged Servi |       |       |       |       |       |       |    96 ||    96
       Summon Guardian G |       |       |       |       |       |       |    12 ||    12
       Summon Lightning  |       |       |       |       |       |       |     6 ||     6
Invok: Depart the Abyss  |     1 |       |       |       |       |       |       ||     1
       Banish            |       |       |       |    24 |    19 |    12 |     3 ||    58
       Bend Space        |       |       |       |    13 |    14 |    41 |    11 ||    79
       Corrupt           |       |       |       |       |       |     1 |     3 ||     4
 Abil: Dig               |       |       |       |     2 |     7 |     2 |     8 ||    19
Evoke: Wand              |       |     2 |     8 |     6 |       |     3 |       ||    19
       Lamp of fire      |       |       |       |       |       |     1 |       ||     1
       Phial of floods   |       |       |       |       |       |     1 |       ||     1
       Staff of energy   |       |       |       |       |       |       |     1 ||     1
  Use: Scroll            |       |     8 |    19 |     4 |     6 |     7 |    12 ||    56
       Potion            |       |     2 |     1 |     1 |     3 |     8 |     4 ||    19
 Stab: Paralysed         |       |       |     5 |    12 |     7 |     1 |       ||    25
       Confused          |       |       |     2 |     2 |       |       |       ||     4
       Petrified         |       |       |       |    15 |     9 |       |       ||    24
       Petrifying        |       |       |       |     2 |     2 |     1 |       ||     5
       Distracted        |       |       |       |       |     1 |       |    11 ||    12
       Invisible         |       |       |       |       |       |     2 |       ||     2
  Eat: Chunk             |     1 |     7 |     9 |    31 |    47 |    72 |    61 ||   228
       Pizza             |       |       |     2 |     2 |     5 |     3 |     2 ||    14
       Beef jerky        |       |       |       |     2 |     4 |     1 |     1 ||     8
       Royal jelly       |       |       |       |     1 |       |       |       ||     1
       Bread ration      |       |       |       |       |     2 |     1 |       ||     3
       Meat ration       |       |       |       |       |     1 |     4 |     5 ||    10
       Fruit             |       |       |       |       |       |     5 |     4 ||     9
Armor: Leather armour    |     2 |       |       |       |   114 |       |       ||   116
       Ring mail         |    21 |    16 |       |       |   200 |     2 |       ||   239
       Skin              |       |     5 |     4 |    46 |       |       |       ||    55
       Chain mail        |       |    39 |   183 |   313 |   613 |       |       ||  1148
       Plate armour      |       |       |       |   278 |    58 |       |       ||   336
       Scale mail        |       |       |       |       |       |   751 |   420 ||  1171
Dodge: Dodged            |    41 |    78 |   216 |   527 |  1045 |   697 |   327 ||  2931
       Deflected         |       |       |       |       |    12 |     3 |     5 ||    20
Block: Buckler           |       |       |       |       |       |    71 |   101 ||   172
       Shield            |       |       |       |       |       |       |   289 ||   289
